[Event "Polish University-ch Open 2024"]
[Site "Lublin"]
[Date "2024.02.23"]
[Round "3.7"]
[White "Mis, Mieszko"]
[Black "Garbowski, Jakub"]
[Result "1-0"]
[ECO "D76"]
[WhiteElo "2325"]
[BlackElo "2119"]
[Annotator "TA"]
[PlyCount "59"]
[EventDate "2024.02.22"]
[EventType "swiss"]
[EventCountry "POL"]
[SourceTitle "playchess.com"]
[Source "ChessBase"]
[SourceQuality "1"]
[TimeControl "600+3"]

1. Nf3 Nf6 2. c4 g6 3. g3 Bg7 4. Bg2 O-O 5. O-O d5 6. cxd5 Nxd5 7. d4 Nb6 8. Nc3 Nc6 9. e3 Re8 10. Nh4 e5 11. d5 Na5 12. e4 {[%emt 0:00:31] Weiß hat minimalen Vorteil.} c6 13. Qe2 (13. b3 $11) 13... cxd5 $17 14. exd5 Nac4 15. Rd1 {[%emt 0:00:08][%cal Od5d6] [#]} e4 $1 16. d6 (16. Nxe4 $2 f5 17. Bg5 Qd7 $19 (17... Qxg5 $2 18. Nf6+ Qxf6 19. Qxe8+ Qf8 20. Qe2 $19)) 16... f5 (16... Nxd6 17. Nb5 Be5 (17... Nbc4 18. Bf4 $16) 18. Nxd6 Bxd6 19. Bf4 $11 (19. Bxe4 Qe7 $15)) ({Vorzuziehen ist} 16... Bxc3 $17 17. bxc3 g5 (17... Nxd6 18. Bf4 $11)) 17. Be3 (17. Nb5 $11) 17... Nxe3 (17... Nxd6 $2 18. Nb5 Nbc4 19. Bf4 $16) 18. Qxe3 Be6 ({Günstiger ist} 18... Nc4 $17 19. Qc1 Be6 (19... Nxd6 20. Nb5 $11)) 19. Bf1 $1 $15 g5 20. Ng2 Qf6 {[%emt 0:00:04] [#]} (20... Bf7 $11 {hält das Gleichgewicht.}) 21. Nb5 $1 $16 Red8 (21... Rf8 $14) 22. Nc7 {[%emt 0:00:07] Weiß steht aktiver.} Rac8 23. Nxe6 Qxe6 24. Qxg5 h6 25. Qh5 Bxb2 {[%emt 0:00:19] [#]} (25... Rc5 {war angesagt.} 26. Rac1 Rxc1 27. Rxc1 Qxd6 28. Qxf5 Qe5) 26. Nf4 $2 (26. Rab1 $1 $18 Bg7 27. Ne3) 26... Qf6 {[%emt 0:00:11] Verliert die Partie.} (26... Qf7 $14 27. Qxh6 Bxa1 28. Rxa1 Qf8 29. Qg5+ Qg7 30. Qxg7+ (30. Qxf5 Qxa1 31. Qe6+ Kh7 $11) 30... Kxg7) 27. Rab1 $18 Be5 (27... e3 {ist eine bessere Verteidigung.} 28. fxe3 Be5) 28. Rb5 {[%emt 0:00:29] Weiß steht klar auf Gewinn.} Bxf4 (28... e3 $142 29. Ng6 (29. fxe3 Rxd6 30. Rxd6 Qxd6 $18) 29... Bxd6 30. Rxf5 (30. Qxf5 exf2+ 31. Kg2 Qxf5 $11) 30... Qg7 31. fxe3 Nc4 32. Bxc4+ Rxc4) 29. Rxf5 ({Weniger gut wäre} 29. gxf4 Rxd6 30. Rxd6 (30. Rxf5 Qg6+ 31. Qxg6+ Rxg6+ 32. Kh1 Na4 $11) 30... Qxd6 $16) 29... Qg7 30. Rxf4 {[%emt 0:00:02] Gewichteter Fehlerwert: Weiß=0.35/Schwarz=0.53.  Verlustzug:     	---       	Schwarz=1     Gewinn verpasst:   	Weiß=1     	---        Fehler:       	Weiß=2     	Schwarz=7     Ungenau:       	Weiß=1     	Schwarz=2     OK:         	Weiß=5     	Schwarz=5     Bester:       	Weiß=5     	Schwarz=1     Stark:        	Weiß=2     	---} 1-0

[Event "Polish University-ch Open 2024"]
[Site "Lublin"]
[Date "2024.02.23"]
[Round "3.8"]
[White "Golecki, Jan"]
[Black "Kowalski, Igor"]
[Result "0-1"]
[ECO "B06"]
[WhiteElo "2185"]
[BlackElo "2372"]
[Annotator "TA"]
[PlyCount "130"]
[EventDate "2024.02.22"]
[EventType "swiss"]
[EventCountry "POL"]
[SourceTitle "playchess.com"]
[Source "ChessBase"]
[SourceQuality "1"]
[TimeControl "600+3"]

1. e4 g6 2. d4 Bg7 3. Nf3 d6 4. Bc4 e6 5. O-O Ne7 6. Nc3 a6 7. a4 b6 8. Qe2 {[%emt 0:00:59] B06: Modern Defence.} Bb7 9. e5 $146 ({Predecessor:} 9. h3 h6 10. Bf4 g5 11. Bg3 Ng6 12. d5 Qe7 13. e5 exd5 14. Nxd5 Bxd5 15. Bxd5 {½-½ Madaminov,M (2404)-Nakamura,H (2760) Titled Tuesday intern op 28th Jun Early blitz 2022 (3)}) 9... Bxf3 10. Qxf3 d5 11. Bd3 c5 12. Be3 (12. Ne2 $1 $15) 12... cxd4 13. Bxd4 Nbc6 14. Ne2 Nxd4 (14... Bxe5 $2 {is the wrong capture.} 15. Bxe5 Nxe5 16. Qf6 $18) 15. Nxd4 Bxe5 16. c3 O-O 17. Nb3 Bg7 18. h4 e5 19. Qe2 a5 20. Rfd1 Qc8 21. Rac1 Qe6 22. c4 (22. Bc2 $17) 22... d4 $19 ({Don't take} 22... e4 23. Bb1 $17) 23. Nd2 Rac8 24. Ne4 Bh6 25. Ng5 Bxg5 26. hxg5 Rc5 27. b3 f5 (27... Nc6 $19 28. Re1 Kg7) 28. gxf6 $17 Rxf6 29. Be4 Kg7 30. Rd3 Rf4 31. Re1 Qg4 (31... Nc6 {keeps more tension.} 32. Rh3 Nb4 33. Qd2 Qd6) 32. Bf3 Qg5 33. g3 Rf7 34. Be4 h5 35. Rf3 (35. Qd2 $17 Qxd2 36. Rxd2) 35... Rxf3 $19 36. Qxf3 h4 37. Kg2 Rc8 38. Bd5 (38. Bb1 {was worth a try.}) 38... Rf8 $19 39. Qe4 hxg3 40. fxg3 {[%emt 0:00:03] [#]} Rf5 $2 (40... Kf6 $1 $19 {aiming for ...Rh8.} 41. Qe2 Rh8) 41. Be6 $15 Rf6 $1 ({But not} 41... Qd2+ $2 42. Re2 Qd1 43. Bxf5 Nxf5 44. Qxe5+ Kh7 45. Qc7+ Ng7 46. Qe7 $18) 42. Qxe5 Qxe5 43. Rxe5 Nc6 44. Re1 d3 45. Bg4 Rd6 46. Re8 Nd4 47. Kf2 $2 (47. Bd1 $17) 47... Nxb3 $19 48. Bd1 Nc5 49. g4 (49. Ke3 {was necessary.}) 49... Kf6 $19 50. Ke3 $2 (50. Rg8) 50... Re6+ $19 51. Rxe6+ Kxe6 52. Kd4 Kf6 53. Kd5 d2 54. Kc6 $2 (54. Kd4) 54... Ne4 $2 (54... Ke5 $19 {has better winning chances.} 55. Kxb6 Kd4) 55. Kxb6 $17 {[%emt 0:00:02] [#]} Nc3 (55... Nf2 $1 $17 56. Be2 Ke5) 56. Bc2 $11 d1=Q 57. Bxd1 Nxd1 58. c5 Nc3 59. c6 $2 (59. Kxa5 $11 Ke6 60. Kb4 Nd5+ 61. Kb5) 59... Nxa4+ 60. Kxa5 Nc5 61. Kb6 Ne6 62. Kb5 Kg5 63. Kc4 Kxg4 64. Kd5 Nc7+ 65. Kd6 Na6 0-1

[Event "Polish University-ch Open 2024"]
[Site "Lublin"]
[Date "2024.02.23"]
[Round "3.9"]
[White "Szustakowski, Antoni"]
[Black "Panek, Bartosz"]
[Result "1-0"]
[ECO "D42"]
[WhiteElo "2354"]
[BlackElo "2207"]
[Annotator "TA"]
[PlyCount "63"]
[EventDate "2024.02.22"]
[EventType "swiss"]
[EventCountry "POL"]
[SourceTitle "playchess.com"]
[Source "ChessBase"]
[SourceQuality "1"]
[TimeControl "600+3"]

1. Nf3 Nf6 2. c4 e6 3. d4 d5 4. Nc3 c5 5. cxd5 Nxd5 6. e3 Nc6 7. Bd3 cxd4 8. exd4 Be7 9. O-O O-O 10. Re1 Bf6 11. Ne4 Be7 (11... Bxd4 $11 12. Nxd4 Nxd4) 12. a3 $14 b6 13. Bd2 (13. Bb1 $14) 13... Bb7 $11 14. Rc1 {[%emt 0:00:01] The position is equal.} Rc8 15. Bb1 Nf6 16. Bc3 Ba8 17. Qd3 {[%emt 0:01:02] Threatening mate with Nxf6+.} Nxe4 18. Qxe4 g6 {[%emt 0:00:00][%cal Oc6b4] [#]} 19. d5 $1 $40 {[%emt 0:00:37][%mdl 128] White mounts an attack.} exd5 (19... Qxd5 20. Qe3) 20. Qf4 d4 21. Rcd1 Bd6 $2 {[%emt 0:00:00][%mdl 8192] [#]} (21... Qd6 $11 {and Black has nothing to worry.} 22. Qxd6 Bxd6 23. Nxd4 Nxd4 24. Bxd4 h5) 22. Qh6 $1 $18 f6 {[%emt 0:00:49] Repels Ng5} 23. Nxd4 Nxd4 24. Rxd4 Qc7 25. Red1 Bxh2+ 26. Qxh2 Qc6 27. Be4 (27. Ba2+ $142 Kh8 28. Rd7 Qxg2+ 29. Qxg2 Bxg2 30. Kxg2 h5 31. Rxa7 Ra8 32. Rxa8 (32. Bxf6+ Rxf6 33. Rxa8+ Kg7 $18)) 27... Qe6 28. Bxa8 Rxa8 29. Rd6 Qf5 30. Rd7 Rf7 31. Rxf7 Kxf7 32. Qxh7+ {[%emt 0:00:01] Weighted Error Value: White=0.09 (flawless) /Black=1.15.  Loses game:     	---       	Black=1      Mistake:       	White=1     	---        OK:         	White=6     	Black=5      Best:        	---       	Black=1      Strong:       	White=1     	---} 1-0

[Event "Polish University-ch Open 2024"]
[Site "Lublin"]
[Date "2024.02.23"]
[Round "3.10"]
[White "Nowak, Mikolaj"]
[Black "Drozdowski, Konrad"]
[Result "1-0"]
[ECO "D30"]
[WhiteElo "2317"]
[BlackElo "2117"]
[Annotator "TA"]
[PlyCount "55"]
[EventDate "2024.02.22"]
[EventType "swiss"]
[EventCountry "POL"]
[SourceTitle "playchess.com"]
[Source "ChessBase"]
[SourceQuality "1"]
[TimeControl "600+3"]

1. d4 d5 2. c4 e6 3. Nf3 a6 4. Nbd2 dxc4 5. Nxc4 b5 6. Nce5 c5 7. a4 {[%emt 0:00:09] Schwarz muss nun axb5 beachten.} b4 (7... f6 $14) 8. e3 (8. Bf4 $16) 8... Nd7 9. Bd3 {[%emt 0:01:10] Weiß steht aktiver.} ({Vorzuziehen ist} 9. a5 $14) 9... Nxe5 10. Nxe5 Bb7 {[%emt 0:00:00] Lässt Qf3 nicht zu} 11. O-O $40 {[%emt 0:00:37][%mdl 128] Weiss hat einigen Angriff.} (11. a5 $14 Nf6 12. Qa4+ Nd7 13. O-O) 11... Bd6 $11 12. Nc4 Nf6 13. Nxd6+ Qxd6 14. dxc5 Qxc5 15. Qe2 O-O 16. e4 e5 (16... Qe7 $11) 17. Be3 Qa5 (17... Qd6 $142) 18. f3 $16 Rac8 19. b3 Nd7 (19... Rfd8 $16 20. Bc4 h6) 20. Rac1 ({Günstiger ist} 20. Rfd1 $18) 20... Nc5 21. Bc4 {[%emt 0:00:02] [#] Qf2 wäre nun fies.} Rfd8 $2 (21... Ne6 {ist eine bessere Verteidigung.} 22. Bxe6 fxe6) 22. Rfd1 Ne6 23. Rxd8+ ({Weiss braucht} 23. Bxe6 $18 fxe6 24. Rxc8 Bxc8 25. Rc1) 23... Qxd8 24. Rd1 (24. Bxa6 $2 Rxc1+ 25. Bxc1 Bxa6 (25... Qb6+ $2 26. Qe3 $19) 26. Qxa6 Qd4+ 27. Kf1 Qd1+ 28. Kf2 Qxc1 $19) 24... Qa5 $2 {[%emt 0:00:18] [#]} (24... Qc7 $16 25. Bxe6 (25. Bxa6 Nd4 $16) 25... fxe6) 25. Rd6 Nc5 $2 (25... Qc7 {war einen Versuch wert.} 26. Qd2 Rd8 27. Rxd8+ Nxd8 28. Qxb4 Ne6) 26. Bd5 $2 {[%emt 0:01:16] Das Läuferpaar ist gut.} (26. Qb2 $18 {ist viel giftiger.} Nxa4 27. bxa4) 26... g6 $2 (26... Qc7 $16 27. Bxb7 Nxb7) 27. Bxb7 $18 Nxb7 28. Bb6 {[%emt 0:00:10] Gewichteter Fehlerwert: Weiß=0.58/Schwarz=0.77.  Verlustzug:     	---       	Schwarz=1     Gewinn verpasst:   	Weiß=1     	---        Fehler:       	Weiß=5     	Schwarz=7     Ungenau:       	Weiß=1     	Schwarz=4     OK:         	Weiß=6     	Schwarz=3     Bester:       	Weiß=2     	---} 1-0

[Event "Polish University-ch Open 2024"]
[Site "Lublin"]
[Date "2024.02.23"]
[Round "3.11"]
[White "Koziorowicz, Michal"]
[Black "Adamczewski, Jedrzej"]
[Result "1-0"]
[ECO "B52"]
[WhiteElo "2324"]
[BlackElo "1917"]
[Annotator "TA"]
[PlyCount "65"]
[EventDate "2024.02.22"]
[EventType "swiss"]
[EventCountry "POL"]
[SourceTitle "playchess.com"]
[Source "ChessBase"]
[SourceQuality "1"]
[TimeControl "600+3"]

1. e4 c5 2. Nf3 d6 3. Bb5+ Bd7 4. Bxd7+ Qxd7 5. O-O Nc6 6. Re1 Nf6 7. c3 e6 8. d4 cxd4 9. cxd4 d5 10. e5 Ne4 11. Nbd2 Nxd2 12. Bxd2 Be7 13. Rc1 O-O 14. a3 Rfc8 15. Rc3 a6 16. h4 {[%emt 0:00:03] Die Stellung ist ausgeglichen.} b5 17. Rd3 a5 18. h5 h6 19. Nh2 a4 20. Qg4 Kh8 21. Ree3 b4 22. Rg3 Rg8 23. Rdf3 (23. axb4 $15 Qb7 24. Qe2) 23... Qe8 (23... bxa3 $17 24. bxa3 f5 25. exf6 Bxf6) 24. Qf4 {[%emt 0:00:10] [#]} (24. axb4 $15 Rb8 25. Qf4) 24... bxa3 $1 $17 ({Jedoch nicht} 24... Bg5 25. Rxg5 hxg5 26. Qg4 bxa3 27. Rxa3 $17) 25. bxa3 Nd8 ({Finger weg von} 25... Bg5 26. Rxg5 hxg5 27. Qg4 $17) ({Günstiger ist} 25... Rb8 $17 {Droht ...Bg5 und aus.} 26. Nf1 Rb1) 26. Rc3 Bg5 $2 {[%emt 0:00:00][%mdl 8192] Das kostet Schwarz die Partie.} (26... Rb8 $1 $15 {bleibt weiter vorne.}) 27. Rxg5 $1 $18 hxg5 28. Qxg5 {[%emt 0:00:01] h6 wäre nun fies. Schwarz hat schwache schwarze Felder} Ra7 29. Ng4 Qe7 {[%emt 0:00:00] [#]} (29... f5 $142) 30. Nf6 $1 {[%emt 0:00:03][%mdl 512] Weiss will mit Rg3 Matt setzen.} Rb7 (30... Qf8 31. Nxg8) 31. Nxg8 Qxg5 32. Bxg5 f6 {[%emt 0:00:09] [#]} 33. Nxf6 $1 {[%emt 0:00:02] Gewichteter Fehlerwert: Weiß=0.23 (präzise) /Schwarz=0.94.  Verlustzug:     	---       	Schwarz=1     Fehler:       	Weiß=2     	Schwarz=3     Ungenau:       	---       	Schwarz=2     OK:         	Weiß=3     	Schwarz=6     Stark:        	Weiß=1     	Schwarz=1     Brilliant:      	Weiß=1     	---} 1-0

[Event "Polish University-ch Open 2024"]
[Site "Lublin"]
[Date "2024.02.23"]
[Round "3.12"]
[White "Demianowicz, Maciej"]
[Black "Walter, Szymon"]
[Result "0-1"]
[ECO "B40"]
[WhiteElo "1972"]
[BlackElo "2305"]
[Annotator "RC"]
[PlyCount "132"]
[EventDate "2024.02.22"]
[EventType "swiss"]
[EventCountry "POL"]
[SourceTitle "playchess.com"]
[Source "ChessBase"]
[SourceQuality "1"]
[TimeControl "600+3"]

1. e4 c5 2. Nf3 e6 3. d4 cxd4 4. Nxd4 Nc6 5. Nxc6 bxc6 6. Bd3 d5 7. O-O Nf6 8. Bg5 Be7 9. exd5 cxd5 10. Bb5+ Bd7 11. Bxd7+ Qxd7 12. c3 Rb8 13. Qc2 O-O 14. Nd2 Qb5 15. Rab1 Rfc8 16. h3 h6 17. Bh4 Rb7 18. Rfc1 Qb6 19. Bxf6 Bxf6 20. Qd3 Rbc7 21. Rc2 a5 22. Rbc1 a4 23. g3 Rc5 24. h4 e5 25. b4 axb3 26. Nxb3 e4 27. Qd2 Rc4 28. Qxd5 e3 29. Qf3 exf2+ 30. Qxf2 Qe6 31. Qe2 Re4 32. Qf2 Qg4 33. Nd4 Bxh4 34. Qf3 Qxf3 35. Nxf3 Bxg3 36. c4 Rc5 37. Kg2 Bc7 38. Nd2 Rg4+ 39. Kf3 f5 40. Nb3 Rc6 41. c5 Kh7 42. Rc4 h5 43. Rxg4 hxg4+ 44. Kg2 Be5 45. Na5 Ra6 46. Nb7 Rxa2+ 47. Kg1 f4 48. c6 Bc7 49. Nc5 f3 50. Ne6 Bb6+ 51. Kf1 Rf2+ 52. Ke1 Re2+ 53. Kf1 Rxe6 54. c7 Bxc7 55. Rxc7 Kg6 56. Rc5 Re2 57. Rd5 Kf6 58. Rb5 g5 59. Rb8 Rg2 60. Rg8 Kf5 61. Rf8+ Ke4 62. Rf7 Rb2 63. Kg1 g3 64. Re7+ Kf4 65. Rf7+ Kg4 66. Rf8 Rb1# 0-1

[Event "Polish University-ch Open 2024"]
[Site "Lublin"]
[Date "2024.02.23"]
[Round "3.13"]
[White "Lis, Mateusz"]
[Black "Suder, Jakub"]
[Result "0-1"]
[ECO "B44"]
[WhiteElo "2019"]
[BlackElo "2333"]
[Annotator "TA"]
[PlyCount "124"]
[EventDate "2024.02.22"]
[EventType "swiss"]
[EventCountry "POL"]
[SourceTitle "playchess.com"]
[Source "ChessBase"]
[SourceQuality "1"]
[TimeControl "600+3"]

1. e4 c5 2. Nf3 e6 3. d4 cxd4 4. Nxd4 Nc6 5. Be3 Nf6 6. f3 d5 7. exd5 {[%emt 0:00:14] B44: Sicilian: Taimanov: 5 Nb5.} Nxd5 8. Nxc6 bxc6 9. Bf2 Rb8 10. Bc4 Ba6 11. Qd3 $146 ({Predecessor:} 11. Qd4 Qa5+ 12. Nd2 c5 13. Qe5 Bxc4 14. Qxb8+ Kd7 15. Qb7+ Ke8 16. Qc8+ Ke7 17. Bxc5+ Kf6 18. Bxf8 {1-0 Leitao Neto,A-Souza Neves,A (2127) Rio Branco IRT 2015 (6.5)}) 11... Qa5+ 12. c3 Bxc4 13. Qxc4 Bd6 14. O-O $2 (14. Nd2 $11 {and White has nothing to worry.} O-O (14... Rxb2 $2 15. Qxc6+ Ke7 16. Qxd6+ Kxd6 17. Nc4+ Kd7 18. Nxa5 $18) 15. Nb3) 14... Qc7 $19 15. b4 (15. Nd2 {is a better defense.}) 15... Bxh2+ $19 16. Kh1 Bf4 17. Na3 O-O 18. Nc2 Qe5 19. g4 $2 (19. Kg1) 19... Qg5 $19 20. Kg2 Be5 21. Rh1 Qg6 (21... Nxc3 22. Rh5 Qf4 23. Qxf4 Bxf4 24. a4 $19) (21... Bxc3 22. Rad1 Nf4+ (22... Bxb4 $2 23. Nxb4 Nxb4 24. Qe4 $19) 23. Kg3 $19) (21... f5 $142 22. Kg1 Bxc3) 22. Ne3 Nf4+ (22... Bxc3 23. Nxd5 cxd5 24. Qxc3 $18) (22... Nxc3 23. Rh5 Bf6 24. Rah1) 23. Kf1 Rfd8 24. Re1 Nd3 25. Re2 Nf4 (25... Qf6 $142 26. Qe4 h6 (26... Bxc3 27. Qxh7+ Kf8 28. Nf5 $15)) 26. Re1 $1 $19 Rd2 27. Nf5 exf5 28. Rxe5 Nd3 29. Re2 Rxe2 30. Kxe2 Nxf2 31. Kxf2 fxg4 32. fxg4 Rd8 33. Re1 h6 34. Re2 (34. Re4 $142) 34... Qd6 35. Qe4 Qf6+ 36. Qf3 Qh4+ 37. Kg2 Qg5 38. Rf2 Qg6 39. a4 (39. Qf5 $17) 39... h5 40. a5 (40. Qf5 $142) 40... Rd3 $19 ({Weaker is} 40... Qxg4+ 41. Qxg4 hxg4 42. Rf4 $15) ({Don't take} 40... hxg4 41. Qf5 Qxf5 42. Rxf5 $19) 41. Qf4 Qxg4+ 42. Qxg4 hxg4 43. Rc2 $2 (43. Rf4 {was forced.}) 43... Kf8 44. a6 Ke7 45. c4 Kd7 46. b5 $2 (46. Rf2 Rf3 47. Rd2+ Kc7 48. c5) 46... cxb5 $19 47. cxb5 Rb3 48. Rf2 f6 ({Stronger than} 48... Rxb5 49. Rxf7+ Kc6 50. Rxa7 $11) 49. Rd2+ Kc7 50. Re2 Rxb5 51. Re7+ Kb6 52. Rxg7 f5 53. Rg6+ Ka5 54. Rf6 Rb6 55. Rxf5+ Kxa6 56. Kg3 (56. Kf1 $142 Rb3 57. Re5) 56... Rg6 $2 (56... Rb4 57. Re5 Kb6) 57. Re5 $2 (57. Rf1) 57... Kb6 $19 58. Rf5 a5 59. Re5 a4 60. Rd5 Rg8 61. Re5 a3 62. Re3 Ra8 0-1

[Event "Polish University-ch Open 2024"]
[Site "Lublin"]
[Date "2024.02.23"]
[Round "3.14"]
[White "Lukasiewicz, Krzysztof"]
[Black "Czechowski, Jakub"]
[Result "1-0"]
[ECO "A45"]
[WhiteElo "2290"]
[BlackElo "1993"]
[Annotator "TA"]
[PlyCount "77"]
[EventDate "2024.02.22"]
[EventType "swiss"]
[EventCountry "POL"]
[SourceTitle "playchess.com"]
[Source "ChessBase"]
[SourceQuality "1"]
[TimeControl "600+3"]

1. d4 Nf6 2. Bf4 g6 3. Nc3 d5 4. e3 Bg7 5. h4 h5 6. Nb5 Na6 7. Nc3 b6 (7... Nb8 $11) 8. Bb5+ $16 {[%emt 0:00:32] White is better.} Nd7 (8... Kf8 $16) 9. Qe2 $18 (9. Nxd5 Bb7) 9... Nab8 (9... Nb4 $142 10. a3 c6) 10. Nxd5 e5 (10... Bb7 {was called for.} 11. Nxc7+ (11. Bxc7 Qc8 $18) 11... Kf8 12. Nxa8 Bxg2) 11. dxe5 ({Not} 11. Bxe5 Bxe5 12. dxe5 c6 $18) 11... c6 {[%emt 0:00:33] [#]} 12. e6 cxd5 13. exd7+ Bxd7 14. c3 O-O 15. Bxd7 ({Better is} 15. O-O-O) 15... Qxd7 16. Nf3 Nc6 17. O-O Rfe8 18. Rfd1 Qg4 (18... Rad8 $142 19. Bg5 Ne7) 19. Qb5 (19. Rxd5 $2 {too greedy.} Qxf4 20. Qa6 Qe4 $19) 19... Ne7 20. Bg5 {[%emt 0:00:42] Against Bf6} f6 21. Bf4 Rad8 22. Rd4 g5 {[%emt 0:00:20] [#]} (22... Qd7 $142 23. Qxd7 Rxd7) 23. Bxg5 $1 Qe6 (23... Qd7 24. Qxd7) 24. Bf4 Nc6 25. Rd2 Ne5 26. Nxe5 fxe5 27. Bg5 Rd6 28. Rad1 d4 29. cxd4 exd4 30. exd4 Rd5 31. Qb3 Kh8 32. Rd3 {[%emt 0:00:00][%cal Bd2d3,Bd3e3,Be3f3,Bf3f7][%mdl 32] And now Re3 would win.} Qd6 33. Re3 Rg8 34. Rde1 {[%emt 0:00:00] Re6 would now be deadly.} Bxd4 35. Rf3 {[%emt 0:00:00] Hoping for Rf7.} Bg7 36. Rf7 Rd3 37. Qc2 Rd5 38. Qe2 (38. Bf6 $142 {Threatening mate with Bxg7+.} Qxf6 39. Rxf6 Bxf6 40. Qc6) 38... Qc5 (38... Qg6 $18) 39. Qxh5+ {[%emt 0:00:03] Weighted Error Value: White=0.51/Black=0.61.  Mistake:       	White=3     	Black=7      Inaccurate:     	---       	Black=4      OK:         	White=15    	Black=6      Best:        	White=2     	---} 1-0

[Event "Polish University-ch Open 2024"]
[Site "Lublin"]
[Date "2024.02.23"]
[Round "3.15"]
[White "Dzwierzynski, Bartosz"]
[Black "Dzida, Kamil"]
[Result "0-1"]
[ECO "E20"]
[WhiteElo "2069"]
[BlackElo "2403"]
[Annotator "TA"]
[PlyCount "69"]
[EventDate "2024.02.22"]
[EventType "swiss"]
[EventCountry "POL"]
[SourceTitle "playchess.com"]
[Source "ChessBase"]
[SourceQuality "1"]
[TimeControl "600+3"]

1. d4 Nf6 2. c4 e6 3. Nc3 Bb4 4. f3 c5 5. d5 b5 6. e4 $1 {[%emt 0:00:01] Threatening e5.} d6 7. Nge2 a6 8. Ng3 {[%emt 0:00:06] The position is equal.} O-O 9. Be2 exd5 10. cxd5 Nbd7 11. O-O c4 12. Be3 Bc5 13. Bxc5 Nxc5 14. Qd4 Re8 15. Rad1 (15. Rfb1 $1 $14 {keeps the upper hand.}) 15... Bd7 16. f4 {[%emt 0:02:37] And now e5 would win.} b4 17. e5 bxc3 18. exf6 {[%emt 0:01:57] [#]} cxb2 19. Qxb2 Rb8 (19... Ne4 $17 {aiming for ...c3.} 20. Bxc4 (20. Nxe4 Rxe4 21. Rc1 Rc8 $17) 20... Nxf6 (20... gxf6 21. Nxe4 Rxe4 22. Bd3 $14) (20... Qxf6 21. Qa1 $17)) 20. Qd4 $15 Qxf6 21. Qxf6 gxf6 22. Bxc4 Rb4 $36 {[%emt 0:00:16][%mdl 2048] Black is more active.} 23. Rc1 f5 24. Rf3 ({White should try} 24. Nh5 $11) 24... Kg7 25. Nh5+ ({Better is} 25. h3 $15) 25... Kg6 $17 {[%emt 0:00:01] Black is more active.} 26. Rg3+ $2 {[%emt 0:00:01][%mdl 8192] This costs White the game.} (26. Ng3 $17) 26... Kxh5 $19 {[%emt 0:00:01] Black is clearly winning.} 27. Rg5+ Kh6 28. Rc3 Rb1+ 29. Bf1 {[%emt 0:00:03] [#]} Rxf1+ $1 30. Kxf1 Bb5+ 31. Kg1 Re1+ 32. Kf2 Rf1+ 33. Ke3 Ne4 34. Rc7 Nxg5 (34... Re1+ $142 35. Kf3 Be2+ (35... Nxg5+ $2 36. fxg5+ Kxg5 37. a4 $19) 36. Ke3 Bf1+ (36... Nxg5 37. fxg5+ Kxg5 38. Kf2 $17) 37. Kf3 Re2 (37... Nxg5+ $2 38. fxg5+ Kxg5 39. h3 $19)) 35. Kd4 {[%emt 0:00:10] Weighted Error Value: White=0.81/Black=0.33.  Loses game:     	White=1     	---        Mistake:       	White=3     	Black=2      Inaccurate:     	White=3     	Black=2      OK:         	White=5     	Black=12     Best:        	White=4     	Black=4      Brilliant:      	---       	Black=1} 0-1

[Event "Polish University-ch Open 2024"]
[Site "Lublin"]
[Date "2024.02.23"]
[Round "3.16"]
[White "Namyslak, Piotr"]
[Black "Chylewski, Patryk"]
[Result "0-1"]
[ECO "A34"]
[WhiteElo "1763"]
[BlackElo "2285"]
[Annotator "TA"]
[PlyCount "98"]
[EventDate "2024.02.22"]
[EventType "swiss"]
[EventCountry "POL"]
[SourceTitle "playchess.com"]
[Source "ChessBase"]
[SourceQuality "1"]
[TimeControl "600+3"]

1. c4 e6 2. e4 c5 3. Nc3 b6 4. g3 Bb7 5. Bg2 Nf6 6. Nge2 Be7 7. O-O d5 (7... e5 $14) 8. e5 {[%emt 0:01:21] White is clearly better.} Ne4 9. Nxe4 $2 (9. Nf4 $18) 9... dxe4 $11 10. Qc2 Nc6 11. Bxe4 (11. Qxe4 $11 Rb8 12. Qe3) 11... h6 (11... Qd7 $15) 12. f4 $2 (12. b3 $14 {stays ahead.}) 12... O-O $2 (12... Nd4 $19 13. Qa4+ b5 14. cxb5 Bxe4 15. Nxd4 Qxd4+ 16. Qxd4 cxd4) 13. d3 $14 Nb4 14. Qb3 Bxe4 15. dxe4 Qc7 16. a3 Nc6 17. Rd1 Rfd8 18. Be3 Na5 19. Qc2 Rxd1+ 20. Rxd1 Rd8 21. b3 a6 22. Kf2 Rxd1 23. Qxd1 b5 24. cxb5 axb5 25. Nc3 (25. Qc2 $16) 25... Qb7 $11 26. a4 bxa4 27. bxa4 c4 28. Qb1 Nb3 29. Qc2 Qc6 30. Kf3 Bc5 {[%emt 0:00:01] Hoping for ...Bxe3.} 31. Qe2 Qb6 32. Bxc5 Qxc5 {[%emt 0:00:01][%mdl 4096] Endgame. KQN-KQN} 33. Qe3 ({White should play} 33. Kg2 $1 $11) 33... Qb4 {[%emt 0:00:04][%mdl 1024] Black has compensation.} 34. Ne2 {[%emt 0:00:05] [#]} (34. h4 $15) 34... Nc5 (34... Qe1 $142 $1 {Strongly threatening ...Nd2+.} 35. Qg1 Nd2+ 36. Ke3 Nf1+ 37. Kf3 c3) 35. Qd4 Qb3+ 36. Kg2 Nd3 ({Black should try} 36... Nxa4 $15 37. f5 Qd3) 37. f5 (37. a5 $11) 37... Qc2 {[%emt 0:00:05] Black is more active.} ({Don't take} 37... Qxa4 38. fxe6 fxe6 39. Qd6 $17) (37... Kh7 $17 38. Qa1 exf5 (38... Qc2 39. Kf3 $19)) 38. Kf3 Ne1+ 39. Kf2 $1 Nd3+ 40. Kf3 Ne1+ 41. Ke3 (41. Kf2 $11 Nd3+ 42. Ke3) 41... Qb3+ $2 (41... Qxa4 $15 {keeps the upper hand.} 42. Qc3 Qb3 43. fxe6 fxe6) 42. Kf2 $2 (42. Qc3 $18) 42... Nd3+ (42... Nc2 $11 43. Qd2 Qxa4) 43. Kg2 $17 {[%emt 0:00:06] [#]} Qd1 ({Better is} 43... Kh7 $1 $17 44. Qa1 exf5 (44... Qc2 $2 45. Kf3 $19)) 44. Qd8+ $2 (44. Kf3 $11) 44... Kh7 $19 45. Ng1 Ne1+ 46. Kf2 Qxd8 47. Kxe1 Qd4 48. Ne2 Qxe4 49. fxe6 fxe6 {[%emt 0:00:01] Weighted Error Value: White=0.75/Black=0.54.  Loses game:     	White=2     	Black=1      Missed win:     	White=2     	Black=1      Mistake:       	White=6     	Black=7      Inaccurate:     	White=4     	Black=5      OK:         	White=5     	Black=12     Best:        	White=3     	---        Strong:       	White=1     	---} 0-1